AoeStats
← jgmolina20

Coastal Forest

510412325Analyzed
2v2 RM · 1d ago on Sep 30, 2026· 19m 44s· 4 players
Game mode
Random Map
Map size
Medium (4 player)
Population
200
Speed
Normal
Resources
Standard
Victory
Conquest
Starting age
Dark Age
Ending age
Imperial Age
RankedLock teamsTeams togetherTeam positionsShared explorationLock speedFull tech treeHidden civsTurbo modeCheats
Victory
Defeat
🇺🇸 Cumans · United States
890
+14
🇨🇴 Persians · Colombia
799
+18
🇦🇷 Slavs · Argentina
878
-17
🇦🇷 Mongols · Argentina
824
-15
jgmolina20
10:18 Feudal Age
14:48 Wheelbarrow
14:01 Loom
15:48 Bloodlines
20:18 Castle Age
rojasfelix253
0:29 Loom
2:04 Loom
10:21 Feudal Age
15:40 Man-at-Arms
16:24 Man-at-Arms
17:31 Man-at-Arms
Hersas
7:31 Loom
9:36 Feudal Age
11:08 Double-Bit Axe
15:46 Bloodlines
16:37 Forging
18:32 Wheelbarrow
18:39 Man-at-Arms
19:41 Fletching
Road-Warrior
8:14 Loom
11:13 Feudal Age
11:53 Double-Bit Axe
11:49 Horse Collar
12:50 Wheelbarrow
14:17 Gold Mining
14:18 Man-at-Arms
16:57 Fishing Lines
19:22 Forging
Connection lost

Rejoining the realm…

Still unreachable

The connection could not be restored.

Session expired

The server has moved on; the page needs a fresh start.